 Dungeon Crawl Stone Soup version 0.31-a0-625-gc9c7e45f3f (webtiles) character file.

Game seed: 13032871922953588394

46 CrazyBamboolord the Grave Robber (level 3, -3/26 HPs)
             Began as a Mummy Necromancer on Aug 24, 2023.
             Slain by Robin
             ... wielding a +0 mace
              (6 damage)
             ... on level 2 of the Dungeon.
             The game lasted 00:02:34 (1435 turns).

CrazyBamboolord the Grave Robber (MuNe)             Turns: 1435, Time: 00:02:34

Health: -3/26      AC:  2    Str: 11    XL:     3   Next: 44%
Magic:  0/7        EV: 12    Int: 16    God:
Gold:   51         SH:  0    Dex: 12    Spells: 4/8 levels left

rFire   x . .        (no weapon)
rCold   + . .        (no shield)
rNeg    + + +        a - +0 robe
rPois   ∞            (no helmet)
rElec   .            (no cloak)
rCorr   .            (no gloves)
SInv    .            (no boots)
Will    .....        (no amulet)
Stlth   ++           (no ring)
HPRegen 0.24/turn    (no ring)
MPRegen 0.10/turn

%: faith
@: no status effects
A: cold resistance 1, negative energy resistance 3, torment resistance 2, heat
vulnerability 1, in touch with death 1, no potions, faith
a: no special abilities


You were on level 2 of the Dungeon.
You visited 1 branch of the dungeon, and saw 2 of its levels.

You collected 51 gold pieces.

Inventory:

Armour
 a - a +0 robe (worn)
Scrolls
 c - a scroll of identify {unknown}
 d - a scroll of vulnerability {unknown}


   Skills:
 * Level 1.3 Fighting
 * Level 1.7 Dodging
 + Level 1.7 Stealth
 * Level 3.2 Spellcasting
 * Level 4.5 Necromancy


You had 4 spell levels left.
You knew the following spells:

 Your Spells              Type           Power      Damage    Failure   Level
a - Necrotise             Necr           100%       1d9       2%          1
b - Vampiric Draining     Necr           25%        2d7       9%          3

Your spell library contained the following spells:

 Spells                   Type           Power      Damage    Failure   Level
 Slow                     Hex            8%         N/A       19%         1
 Animate Dead             Necr           25%        N/A       28%         4
 Confusing Touch          Hex            2%         N/A       50%         3
 Agony                    Necr           25%        N/A       61%         5


Dungeon Overview and Level Annotations

Branches:
Dungeon (2/15)

Altars:

Annotations:
D:2 Robin


Innate Abilities, Weirdness & Mutations

You are immune to poison.
Your flesh is cold resistant. (rC+)
You are immune to negative energy. (rN+++)
You are immune to unholy pain and torment.
You are vulnerable to heat. (rF-)
You are in touch with the powers of death.
You do not drink.
You have a special connection with the divine. (Faith)


Message History

Robin completely misses you.
Your goblin skeleton misses Robin.
You hit Robin.
Robin is moderately wounded.
Robin hits you with a +0 mace.
You barely miss Robin.
Robin is moderately wounded.
Your goblin skeleton barely misses Robin.
Robin closely misses you.
Your magical contamination has completely faded away.
You closely miss Robin.
Robin is moderately wounded.
Robin hits you with a +0 mace.
Your goblin skeleton barely misses Robin.
You hit Robin.
Robin is moderately wounded.
Robin hits you with a +0 mace.
Your goblin skeleton hits Robin.
You hit Robin but do no damage.
Robin is moderately wounded.
Robin hits you with a +0 mace.
Your goblin skeleton hits Robin but does no damage.
You hit Robin but do no damage.
Robin is moderately wounded.
Robin hits you but does no damage.
Aiming: Necrotise (safe; 2% risk of failure)
Press: ? - help, Q - select action Shift-Dir - straight line, f/p - Robin
Aim: Robin, wielding a +0 mace, wearing a +0 animal skin and wearing a +0 helmet (moderately wounded, ally target, chance to affect: 88%)
You feel a surge of power!
Robin writhes in agony.
Your goblin skeleton closely misses Robin.
Robin says, "My army is invincible!"
Robin hits you with a +0 mace.
You hit Robin but do no damage.
Robin is severely wounded.
Robin hits you with a +0 mace.
* * * LOW HITPOINT WARNING * * *
Your goblin skeleton hits Robin.
You hit Robin.
Robin is almost dead.
Robin hits you with a +0 mace.
You die...
Robin calls out, "Let's celebrate!
Time for a feast!"

##....##.##....##
#########.....#####
.........##..#....#
.............##....#
.............##....#
............)##....#
.............##....#
:........Zg..##....#
.........)@........#
...................#
..###..#'###......#
####.#)#..[.......
#......#..........
#.##...'..........
#.######..........
................#
.......Z).......#


You could see Robin (ally target) and a friendly goblin skeleton.

Vanquished Creatures
  A dart slug (D:2)
  2 endoplasms
  A giant cockroach (D:1)
  11 goblins
  6 hobgoblins
  4 jackals (D:1)
  2 kobolds
  3 quokkas
  A ball python (D:1)
  A bat (D:2)
  3 frilled lizards
  A rat (D:1)
36 creatures vanquished.

Notes
Turn   | Place    | Note
-------+----------+-------------------------------------------
     0 | D:1      | CrazyBamboolord the Mummy Necromancer began the quest for
                  | the Orb.
     0 | D:1      | Reached XP level 1. HP: 13/13 MP: 4/4
   203 | D:1      | Reached XP level 2. HP: 20/20 MP: 2/5
   912 | D:1      | Found a faded altar of an unknown god.
  1068 | D:2      | Reached skill level 1 in Fighting
  1188 | D:2      | Gained mutation: You are in touch with the powers of death.
                  | [Mummy growth]
  1188 | D:2      | Reached XP level 3. HP: 23/26 MP: 3/7
  1250 | D:2      | Noticed Robin
  1315 | D:1      | Learned a level 3 spell: Vampiric Draining
  1435 | D:2      | Slain by Robin

Illustrated notes

Levels and vault maps discovered:
D:1:      pf_arrival_petrified_forest, layout_basic,
          shapermc_ecumenical_altar_acropolis
D:2:      wad_crossroads, layout_basic, uniq_robin, uniq_natasha

Skill      XL: |  1  2 |
---------------+-------+-----
Spellcasting   | 3 |  3.2
Fighting       | 1 |  1.3
Dodging        | |  1.7
Stealth        | |  1.7
Necromancy     | |  4.5

Action                     || total
---------------------------++-------
  Melee: Unarmed           ||    46
   Cast: Necrotise         ||    58
    Use: Scroll            ||     1
   Stab: Distracted        ||     1
 Armour: Robe              ||    13
  Dodge: Dodged            ||    37

Table legend: (Time is in decaauts)
 A = Elapsed time spent in this place.
 B = Non-inter-level travel time spent in this place.
 C = Inter-level travel time spent in this place.
 D = Time resting spent in this place.
 E = Time spent auto-exploring this place.
 F = Levels seen in this place.
 G = Mean time per level.
                   A        B        C        D        E       F      G
               +--------+--------+--------+--------+--------+-----+--------+
         Total |   1435 |   1409 |     26 |     19 |   1104 |   2 |  717.5 |
       Dungeon |   1435 |   1409 |     26 |     19 |   1104 |   2 |  717.5 |
               +--------+--------+--------+--------+--------+-----+--------+

Top non-repeatable levels by time:
     D:1: 1034 daAuts
     D:2: 401 daAuts
